 Dungeon Crawl Stone Soup version 0.29-a0-96-g93358da72b (webtiles) character file.

Game seed: 5925047579523549829

19 Hubjo the Vexing (level 2, -2/21 HPs)
             Began as a Vampire Enchanter on Feb 11, 2022.
             Slain by a jackal (3 damage)
             ... on level 1 of the Dungeon.
             The game lasted 00:01:54 (792 turns).

Hubjo the Vexing (Vampire Enchanter)                 Turns: 792, Time: 00:01:55

Health: -2/21      AC:  6    Str:  7    XL:     2   Next: 55%
Magic:  5/5        EV:  9    Int: 17    God:
Gold:   0          SH:  0    Dex: 14    Spells: 5/5 levels left

rFire   . . .      SeeInvis +   a - +1 dagger (flame)
rCold   . . .      Faith    .   (no shield)
rNeg    . . .      Spirit   .   b - +0 robe
rPois   .          Reflect  .   (no helmet)
rElec   .          Harm     .   (no cloak)
rCorr   .          Rampage  .   (no gloves)
Will    .....                   (no boots)
Stlth   +++.......              (no amulet)
HPRegen 0.27/turn               d - +4 ring of protection
MPRegen 0.09/turn               (no ring)

@: healing quickly, constricted
A: alive, fangs 3, see invisible, vampiric 1
a: Exsanguinate


You were on level 1 of the Dungeon.
You visited 1 branch of the dungeon, and saw 1 of its levels.

Inventory:

Hand Weapons
 a - a +1 dagger of flaming (weapon)
Missiles
 e - 6 poisoned darts (quivered)
Armour
 b - a +0 robe (worn)
Jewellery
 d - a +4 ring of protection (left hand)


   Skills:
 * Level 1.1 Fighting
 + Level 1.5 Short Blades
 + Level 2.5 Dodging
 - Level 4.4 Stealth
 - Level 2.0 Spellcasting
 + Level 4.7 Hexes


You had 5 spell levels left.
You didn't know any spells.
Your spell library contained the following spells:

 Spells                   Type           Power      Damage    Failure   Level
 Confusing Touch          Hex            17%        N/A       9%          3
 Tukima's Dance           Hex            17%        N/A       9%          3
 Ensorcelled Hibernation  Hex/Ice        18%        N/A       11%         2
 Dazzling Flash           Conj/Hex       18%        N/A       22%         3


Dungeon Overview and Level Annotations

Branches:
Dungeon (1/15)

Altars:


Innate Abilities, Weirdness & Mutations

Your natural rate of healing is accelerated.
You have razor-sharp teeth.
You have supernaturally acute eyesight. (SInv)
You are afflicted with vampirism.


Message History

The kobold barely misses you. The jackal closely misses you.
The ball python barely misses you. The ball python constricts you.
* * * LOW HITPOINT WARNING * * *
The jackal completely misses you.
As you read the scroll labelled YTIXKIEMUERPH, it crumbles to dust.
It is a scroll of brand weapon.
Your +1 dagger is engulfed in flames!
a - a +1 dagger of flaming (weapon)
The jackal barely misses you. The jackal completely misses you.
The jackal barely misses you. The ball python barely misses you.
The ball python constricts you.
The jackal bites you but does no damage.
The kobold closely misses you.
The jackal bites you but does no damage.
The jackal closely misses you. The jackal bites you.
* * * LOW HITPOINT WARNING * * *
You hit the jackal. You burn the jackal.
The jackal is severely wounded.
The jackal bites you but does no damage.
The ball python bites you but does no damage.
The ball python constricts you. The jackal barely misses you.
The kobold hits you but does no damage. The jackal closely misses you. x2
The jackal bites you but does no damage.
You barely miss the jackal.
The jackal is severely wounded.
The ball python closely misses you. The ball python constricts you.
The jackal misses you. The jackal closely misses you.
The jackal barely misses you.
The kobold hits you with a +0 short sword.
* * * LOW HITPOINT WARNING * * *
The jackal bites you.
* * * LOW HITPOINT WARNING * * *
The ball python bites you but does no damage.
The ball python constricts you. The jackal barely misses you.
You closely miss the jackal. You bite the jackal.
You kill the jackal!
The jackal barely misses you.
The jackal bites you but does no damage.
The kobold barely misses you. The jackal bites you.
You die...

#...........####..###
#....................
#.......$...#........
#.#..................
#.>........g...>###
##.......##..##.#
#....r..##..##.#
#..#KhS........
#.#.#@hg##.###. #
#.....h....# #
#.##........###
######### #.........###
###.......# ####.#.#.##
###...(...... ##†#.###
##............ #.....#
##......####...
#..######.....########.
#.....##.....###....###


You could see 3 jackals, a hobgoblin, a ball python, a kobold and a rat.

Vanquished Creatures
  A giant cockroach (D:1)
  A goblin (D:1)
  2 hobgoblins (D:1)
  A jackal (D:1)
  4 ball pythons (D:1)
  A bat (D:1)
  12 frilled lizards (D:1)
  A rat (D:1)
23 creatures vanquished.

Vanquished Creatures (others)
  6 plants (D:1)
6 creatures vanquished.

Grand Total: 29 creatures vanquished

Notes
Turn   | Place    | Note
-------+----------+-------------------------------------------
     0 | D:1      | Hubjo the Vampire Enchanter began the quest for the Orb.
     0 | D:1      | Reached XP level 1. HP: 13/13 MP: 3/3
   120 | D:1      | Reached XP level 2. HP: 16/20 MP: 5/5
   207 | D:1      | HP: 1/20 [gnoll (3)]
   646 | D:1      | Reached skill level 1 in Fighting
   791 | D:1      | HP: 1/21 [jackal (1)]
   792 | D:1      | Slain by a jackal

Illustrated notes

Levels and vault maps discovered:
D:1:      dpeg_arrival_snail, layout_loops_ring, minmay_lizard_king

Skill      XL: |  1  2 |
---------------+-------+-----
Fighting       | 1 |  1.1
Short Blades   | |  1.5
Dodging        | |  2.5
Stealth        | |  4.4
Spellcasting   | |  2.0
Hexes          | |  4.7

Action                   || total
-------------------------++-------
Melee: Dagger            ||    95
       Bite              ||     8
       Punch             ||     1
Throw: Dart              ||     1
  Use: Potion            ||     2
       Scroll            ||     1
Armor: Robe              ||    54
Dodge: Dodged            ||   111

Table legend: (Time is in decaauts)
 A = Elapsed time spent in this place.
 B = Non-inter-level travel time spent in this place.
 C = Inter-level travel time spent in this place.
 D = Time resting spent in this place.
 E = Time spent auto-exploring this place.
 F = Levels seen in this place.
 G = Mean time per level.
                   A        B        C        D        E       F      G
               +--------+--------+--------+--------+--------+-----+--------+
         Total |    785 |    785 |      0 |    356 |    206 |   1 |  785.0 |
       Dungeon |    785 |    785 |      0 |    356 |    206 |   1 |  785.0 |
               +--------+--------+--------+--------+--------+-----+--------+

Top non-repeatable levels by time:
     D:1: 785 daAuts
